 Dungeon Crawl Stone Soup version 0.25-a0-346-g140ab784a8 (webtiles) character file.

Game seed: 3671805573063536168, levelgen mode: deterministic

833 PentaManta the Slinger (level 8, -3/73 HPs)
             Began as a Halfling Hunter on Jan 1, 2020.
             Slain by an orc warrior
             ... wielding a +0 long sword
              (13 damage)
             ... on level 6 of the Dungeon.
             The game lasted 00:08:47 (3338 turns).

PentaManta the Slinger (Halfling Hunter)            Turns: 3338, Time: 00:08:47

Health: -3/73      AC:  8    Str: 20    XL:     8   Next: 18%
Magic:  8/8        EV: 10    Int:  9    God:
Gold:   287        SH:  0    Dex: 15    Spells: 7/7 levels left

rFire    + . .     SeeInvis .   b - +0 short sword
rCold    . . .     Gourm    .   (shield restricted)
rNeg     . . .     Faith    +   x - +0 chain mail {rPois}
rPois    +         Spirit   .   (no helmet)
rElec    .         Reflect  .   (no cloak)
rCorr    .         Harm     .   (no gloves)
MR       .....                  (no boots)
Stlth    ..........             i - amulet of faith
HPRegen  0.22/turn              t - ring of protection from fire
MPRegen  0.11/turn              (no ring)

@: berserking (expiring), very quick
A: small, mutation resistance 1
a: no special abilities


You were on level 6 of the Dungeon.
You were not hungry.

You visited 1 branch of the dungeon, and saw 6 of its levels.

You collected 287 gold pieces.

Inventory:

Hand Weapons
 a - a +2 hunting sling
 b - a +0 short sword (weapon)
Missiles
 d - 41 sling bullets
 e - 142 stones (quivered)
 j - 9 poisoned darts
 o - 30 bolts
Armour
 x - a +0 chain mail of poison resistance (worn)
Jewellery
 i - an amulet of faith (around neck)
 t - a ring of protection from fire (left hand)
 u - a +4 amulet of reflection
Scrolls
 c - a scroll of blinking
 k - 4 scrolls of teleportation
 l - 4 scrolls of enchant weapon
 m - a scroll of identify
 n - 3 scrolls of enchant armour
 r - 3 scrolls of remove curse
 v - a scroll of magic mapping
Potions
 p - 2 potions of cancellation
 q - a potion of flight
 w - a potion of brilliance {unknown}
Comestibles
 f - 7 rations


   Skills:
 - Level 1.7 Fighting
 + Level 13.1 Slings
 - Level 2.1 Dodging
 - Level 1.1 Stealth


You had 7 spell levels left.
You didn't know any spells.
Your spell library contained the following spells:

 Spells                   Type           Power        Failure   Level  Hunger
 Confusing Touch          Hex            #.....       99%         1    ##.....
 Confuse                  Hex            #.......     100%        3    ####...
 Gell's Gravitas          Tloc           #.........   100%        3    ####...
 Petrify                  Tmut/Erth      #.......     100%        4    #####..
 Metabolic Englaciation   Hex/Ice        #.........   100%        5    ######.
 Yara's Violent Unravell  Hex/Tmut       #.........   100%        5    ######.


Dungeon Overview and Level Annotations

Branches:
Dungeon (6/15)
 Temple: D:4-7

Altars:
Ashenzari


Innate Abilities, Weirdness & Mutations

You are small and have problems with some larger weapons.
You are somewhat resistant to further mutation.


Message History

The orc warrior is severely wounded.
The orc warrior barely misses you. The orc warrior blocks your attack.
The orc warrior is severely wounded.
You hit the orc warrior.
The orc warrior is severely wounded.
The orc warrior hits you but does no damage.
The orc warrior blocks your attack.
The orc warrior is severely wounded.
The orc warrior hits you but does no damage.
You hit the orc warrior.
The orc warrior is severely wounded.
You closely miss the orc warrior.
The orc warrior is severely wounded.
The orc warrior hits you with a +0 long sword!
* * * LOW HITPOINT WARNING * * *
You barely miss the orc warrior.
The orc warrior is severely wounded.
The orc warrior hits you with a +0 long sword!
You die... .# .# .# .# .# .# ############<# ..(....<(.o@(# ##############

You could see an orc warrior.

Vanquished Creatures
  Sigmund (D:3)
  Eustachio (D:4)
  A sky beast (D:3)
  2 centaurs (D:5)
  2 orc wizards (D:5)
  2 worker ants
  7 adders
  An ooze (D:2)
  3 worms
  2 dart slugs
  A leopard gecko (D:2)
  7 orcs
  A ball python (D:3)
  4 giant cockroaches
  8 goblins
  10 hobgoblins
  7 jackals
  4 quokkas
  A ball python skeleton (D:4)
  6 bats
  8 frilled lizards
  A jackal skeleton (D:3)
  13 kobolds
  A leopard gecko skeleton (D:5)
  7 rats
  A bush (D:5)
102 creatures vanquished.

Notes
Turn   | Place    | Note
-------+----------+-------------------------------------------
     0 | D:1      | PentaManta the Halfling Hunter began the quest for the Orb.
     0 | D:1      | Reached XP level 1. HP: 14/14 MP: 1/1
    71 | D:1      | Reached skill level 6 in Slings
   174 | D:1      | Reached XP level 2. HP: 19/19 MP: 2/2
   564 | D:1      | Reached skill level 7 in Slings
   564 | D:1      | Reached XP level 3. HP: 24/24 MP: 3/3
   925 | D:2      | Reached XP level 4. HP: 26/29 MP: 4/4
   988 | D:2      | Reached skill level 8 in Slings
  1447 | D:2      | Reached XP level 5. HP: 34/34 MP: 5/5
  1696 | D:3      | Reached skill level 9 in Slings
  1856 | D:3      | Noticed a sky beast
  1871 | D:3      | Killed a sky beast
  1871 | D:3      | Reached skill level 10 in Slings
  1871 | D:3      | Reached XP level 6. HP: 39/39 MP: 6/6
  1892 | D:3      | Noticed Sigmund
  1899 | D:3      | Killed Sigmund
  1899 | D:3      | Reached skill level 11 in Slings
  1899 | D:3      | Reached XP level 7. HP: 44/44 MP: 7/7
  2466 | D:4      | Noticed Eustachio
  2500 | D:4      | Killed Eustachio
  2669 | D:4      | Reached skill level 12 in Slings
  2696 | D:4      | Found a shattered altar of Ashenzari.
  2902 | D:5      | Entered Level 5 of the Dungeon
  3267 | D:5      | Reached XP level 8. HP: 26/49 MP: 8/8
  3289 | D:5      | Reached skill level 13 in Slings
  3338 | D:6      | Slain by an orc warrior

Levels and vault maps discovered:
D:1:      saegor_arrival_simple_e, layout_basic, serial_glass, glass_columns_b,
          glass_columns_a
D:2:      layout_rooms, minmay_statues_item, grunt_ministairs_9,
          kennysheep_potato
D:3:      layout_basic, first_ration, uniq_sigmund
D:4:      layout_rooms, ashenzari_altar_1, uniq_eustachio
D:5:      layout_rooms, kennysheep_mini, kennysheep_mini_moat, basic_altar,
          kb_lookout_dungeons_type, sword_in_stone, uniq_duvessa
D:6:      layout_basic

Skill      XL: |  1  2  3  4  5  6  7  8 |
---------------+-------------------------+-----
Slings         | 6 7 8 10 11 12 13 | 13.1
Fighting       | |  1.7
Dodging        | |  2.1
Stealth        | |  1.1

Action                   |  1- 3 |  4- 6 |  7- 9 || total
-------------------------+-------+-------+-------++-------
Melee: Short sword       |       |       |   187 ||   187
 Fire: Hunting sling     |    85 |   145 |   140 ||   370
  Use: Scroll            |       |     7 |     4 ||    11
       Potion            |       |       |     7 ||     7
  Eat: Chunk             |       |     3 |     2 ||     5
       Ration            |       |       |     1 ||     1
Armor: Leather armour    |     4 |     6 |     1 ||    11
       Chain mail        |       |       |    14 ||    14
Dodge: Dodged            |    13 |     7 |    22 ||    42

Table legend:
 A = Non-vault XP
 B = Vault XP
 C = Vault XP percentage of total XP
 D = Non-vault monster count
 E = Vault monster count
 F = Vault count percentage of total count
                 A         B        C        D         E       F
            +---------+---------+-------+---------+---------+-------
      Total |     623 |     567 |  47.6 |      95 |       6 |   5.9
            +---------+---------+-------+---------+---------+-------
        D:1 |      34 |       0 |   0.0 |      22 |       0 |   0.0
        D:2 |      82 |      33 |  28.7 |      31 |       3 |   8.8
        D:3 |     204 |     220 |  51.9 |      26 |       1 |   3.7
        D:4 |      46 |     196 |  81.0 |       6 |       1 |  14.3
        D:5 |     219 |     118 |  35.0 |       9 |       1 |  10.0
        D:6 |      38 |       0 |   0.0 |       1 |       0 |   0.0
            +---------+---------+-------+---------+---------+-------
